 Dungeon Crawl Stone Soup version 0.17.0-22-g5edae84 (webtiles) character file.

107 inmateoo the Ruffian (level 4, -4/36 (38) HPs)
             Began as a Ghoul Monk on Nov 12, 2015.
             Slain by an orc
             ... wielding a +0 trident
              (6 damage)
             ... on level 3 of the Dungeon.
             The game lasted 00:02:35 (2084 turns).

inmateoo the Ruffian (Ghoul Monk)                   Turns: 2084, Time: 00:02:35

HP:   -4/36 (38)    AC:  2    Str: 14    XL:     4   Next: 86%
MP:   3/3           EV: 12    Int:  6    God:
Gold: 110           SH:  0    Dex: 11    Spells: 1 memorised, 1 level left

rFire  . . .     SeeInvis .       - Unarmed
rCold  + . .     Clarity  .     a - +0 robe
rNeg   + + +     SustAt   .     (no shield)
rPois  ∞         Gourm    .     (no helmet)
rElec  .         Spirit   .     (no cloak)
rCorr  .         Warding  .     (no gloves)
rMut   .         Stasis   .     (no boots)
MR     .....                    (no amulet)
Stlth  ++........               (no ring)
                                (no ring)

@: rotting, repel missiles, not resistant to hostile enchantments, unstealthy
A: rotting body, claws 1, carnivore 3, cold resistance 1, negative energy
resistance 3, slow regeneration 1, torment resistance, unbreathing
a: no special abilities


You were on level 3 of the Dungeon.
You were not hungry.

You visited 1 branch of the dungeon, and saw 3 of its levels.

You collected 110 gold pieces.

Inventory:

Armour
 a - a +0 robe (worn)
 q - a +0 pair of gloves
Scrolls
 c - 2 scrolls of noise {unknown}
 e - a scroll of blinking {unknown}
 i - 5 scrolls of identify {unknown}
 m - a scroll of recharging {unknown}
 p - 2 scrolls of teleportation {unknown}
 t - a scroll of immolation {unknown}
Potions
 d - 2 potions of lignification
 g - a potion of agility {unknown}
 h - 2 potions of invisibility {unknown}
 j - 2 potions of ambrosia {unknown}
 k - a potion of cure mutation {unknown}
 l - a potion of curing {unknown}
 o - a potion of brilliance {unknown}
 s - a potion of magic {unknown}
 u - 2 potions of haste {unknown}
Books
 r - a book of Air

   Spells                             Type                      Level
   a - Shock                          Conjuration/Air              1
   b - Swiftness                      Charms/Air                   2
   c - Repel Missiles                 Charms/Air                   2
   d - Static Discharge               Conjuration/Air              3
   e - Lightning Bolt                 Conjuration/Air              5
Comestibles
 b - a meat ration
 f - 3 beef jerkies


   Skills:
 - Level 3.2 Fighting
 - Level 2.6 Dodging
 - Level 2.1 Stealth
 * Level 6.6 Unarmed Combat


You had one spell level left.
You knew the following spells:

 Your Spells              Type           Power        Failure   Level  Hunger
a - Repel Missiles        Chrm/Air       #.....       77%         2    ###....


Dungeon Overview and Level Annotations

Branches:
Dungeon (3/15)

Altars:
Yredelemnul


Innate Abilities, Weirdness & Mutations

Your body is rotting away.
You thrive on raw meat.
You are immune to poison.
You have sharp fingernails.
You are carnivorous and can eat meat at any time.
Your flesh is cold resistant.
You are immune to negative energy.
You regenerate slowly when monsters are visible.
You are immune to unholy pain and torment.
You can survive without breathing.


Message History

You closely miss the orc.
The orc is heavily wounded.
The orc barely misses you.
An adder comes into view.
You barely miss the orc.
The orc is heavily wounded.
The orc misses you.
You closely miss the orc.
The orc is heavily wounded.
You closely miss the orc.
The orc is heavily wounded.
The orc hits you with a trident.
* * * LOW HITPOINT WARNING * * *
You barely miss the orc.
The orc is heavily wounded.
The orc barely misses you.
Drink which item? (? for menu, Esc to quit)
It was a potion of lignification.
You feel woody for a moment. The orc hits you with a trident.
You die...

#......#.............
......#................##
.............#............
..............##......#.##
........#####..#........#
........# ##...####..##
(.......# ###?.......##
........####?..####.#.#
........o@(..### #
........###### ........#
........# ........#
.......## #.....# ######


You could see an orc.

Vanquished Creatures
  3 adders
  2 oozes
  2 worms (D:2)
  2 giant geckos
  9 bats
  5 giant cockroaches
  A hobgoblin (D:2)
  2 quokkas
  3 giant newts
  9 goblins
  9 jackals (D:2)
  7 kobolds
  7 rats
61 creatures vanquished.

Notes
Turn   | Place    | Note
--------------------------------------------------------------
     0 | D:1      | inmateoo the Ghoul Monk began the quest for the Orb.
     0 | D:1      | Reached XP level 1. HP: 19/19 MP: 0/0
   269 | D:1      | Reached XP level 2. HP: 23/25 MP: 1/1
   306 | D:1      | Reached skill level 5 in Unarmed Combat
   660 | D:2      | Reached XP level 3. HP: 29/29 MP: 2/2
   756 | D:2      | Found a basalt altar of Yredelemnul.
  1147 | D:2      | Reached skill level 6 in Unarmed Combat
  1147 | D:2      | Reached XP level 4. HP: 3/38 MP: 3/3
  1641 | D:2      | Learned a level 2 spell: Repel Missiles
  2082 | D:3      | HP: 1/36 [orc/trident (3)]
  2084 | D:3      | Slain by an orc

Action                   |  1- 3 |  4- 6 || total
-------------------------+-------+-------++-------
Melee: Unarmed           |   111 |    76 ||   187
 Cast: Repel Missiles    |       |     1 ||     1
  Use: Potion            |       |     1 ||     1
 Stab: Sleeping          |     3 |     1 ||     4
  Eat: Chunk             |     4 |     6 ||    10
